 Seeded DCSS version 0.29.1-15-g9cfb28693d (webtiles) character file.

Game seed: 13652192609355410225 (custom seed)

382092 kingofthe the Imperceptible (level 21, -19/112 HPs)
             Began as a Spriggan Enchanter on Mar 13, 2023.
             Was the Champion of Dithmenos.
             Killed from afar by a living spell (50 damage)
             ... with an iceblast
             ... summoned by a walking frostbound tome
             ... on level 2 of the Depths on Mar 19, 2023.
             The game lasted 08:50:03 (71800 turns).

kingofthe the Imperceptible (Spriggan Enchanter)   Turns: 71800, Time: 08:50:04

Health: -19/112    AC: 11    Str: 16    XL:     21   Next: 92%
Magic:  40/54      EV: 40    Int: 19    God:    Dithmenos [******]
Gold:   2008       SH: 12    Dex: 22    Spells: 16/58 levels left

rFire   + . .      SeeInvis +   b - +5 quick blade (vamp)
rCold   . . .      Faith    .   G - +3 buckler
rNeg    . . .      Spirit   .   i - +4 troll leather armour {Snorg}
rPois   .          Reflect  .   u - +2 hat {Will+}
rElec   +          Harm     .   P - scarf {shadows}
rCorr   .          Rampage  .   (gloves unavailable)
Will    ++++.      Clarity  +   (boots unavailable) Stlth ******++++
                                J - amulet of Ranoe {+Blink Regen+ Str+7}
HPRegen 1.88/turn               E - ring of Icusm {Fly rElec rF+ Str+3}
MPRegen 0.34/turn               g - ring "Mits" {MP+9 EV+4}

@: flying, wreathed by umbra, studying 2 skills, very quick
A: very small, no large weapons, unfitting armour, see invisible, speed 3,
clarity, robust 1
}: 2/15 runes: decaying, gossamer
a: Renounce Religion, Evoke Blink, Shadow Step, Shadow Form


You were on level 2 of the Depths.
You worshipped Dithmenos.
Dithmenos was exalted by your worship.
You visited 9 branches of the dungeon, and saw 40 of its levels.
You also visited: Bailey, Gauntlet, Ice Cave and Desolation.

You collected 6168 gold pieces.
You spent 4160 gold pieces at shops.


Innate Abilities, Weirdness & Mutations

You are very small and have problems with some larger weapons.
You are too small for most types of armour.
You have supernaturally acute eyesight. (SInv)
You cover ground extremely quickly. (Speed+++)
You possess an exceptional clarity of mind.
You are robust. (+10% HP)


   Skills:
 - Level 7.7 Fighting
 - Level 11.1 Short Blades
 - Level 3.3 Throwing
 - Level 6.0 Armour
 + Level 20.6 Dodging
 + Level 21.3 Stealth
 + Level 6.3 Shields
 - Level 19.0 Spellcasting
 + Level 18.8 Hexes
 - Level 5.0 Summonings
 * Level 7.8 Translocations
 - Level 3.3 Ice Magic
 * Level 8.4 Air Magic
 + Level 9.6 Poison Magic
 - Level 10.0 Invocations
 + Level 19.0 Evocations


You had 16 spell levels left.
You knew the following spells:

 Your Spells              Type           Power      Damage    Failure   Level
a - Ensorcelled Hibernat  Hex/Ice        100%       N/A       1%          2
b - Confusing Touch       Hex            74%        N/A       0%          3
c - Tukima's Dance        Hex            74%        N/A       0%          3
d - Dazzling Flash        Conj/Hex       100%       N/A       1%          3
e - Enfeeble              Hex            37%        N/A       2%          7
f - Cause Fear            Hex            37%        N/A       1%          4
g - Summon Lightning Spi  Summ/Air       43%        N/A       4%          4
p - Poisonous Vapours     Pois/Air       100%       N/A       1%          2
s - Slow                  Hex            100%       N/A       0%          1
t - Teleport Other        Tloc           47%        N/A       1%          3
A - Airstrike             Air            25%        2d(4-20)  1%          4
D - Dispersal             Tloc           23%        N/A       38%         6

Your spell library contained the following spells:

 Spells                   Type           Power      Damage    Failure   Level
 Sting                    Tmut/Pois      100%       1d8       1%          1
 Summon Small Mammal      Summ           100%       N/A       1%          1
 Call Imp                 Summ           37%        N/A       1%          2
 Static Discharge         Conj/Air       34%        3-8/arc   1%          2
 Gell's Gravitas          Tloc           47%        N/A       1%          3
 Summon Guardian Golem    Hex/Summ       58%        N/A       1%          3
 Anguish                  Hex/Necr       26%        N/A       1%          4
 Fulminant Prism          Conj/Hex       26%        3d14      1%          4
 Olgreb's Toxic Radiance  Pois           53%        N/A       1%          4
 Call Canine Familiar     Summ           37%        N/A       2%          3
 Spider Form              Tmut/Pois      36%        N/A       2%          3
 Yara's Violent Unravell  Hex/Tmut       26%        3d11      3%          5
 Ozocubu's Armour         Ice            30%        N/A       4%          3
 Corpse Rot               Necr/Pois/Air  41%        N/A       5%          4
 Beastly Appendage        Tmut           36%        N/A       6%          1
 Foxfire                  Conj/Fire      72%        2x1d7     6%          1
 Necrotise                Necr           72%        1d7       6%          1
 Scorch                   Fire           36%        2d7       10%         2
 Searing Ray              Conj           36%        2d5       10%         2
 Sublimation of Blood     Necr           18%        N/A       10%         2
 Wereblood                Tmut           18%        N/A       10%         2
 Summon Ice Beast         Ice/Summ       33%        N/A       12%         4
 Stone Arrow              Conj/Erth      36%        3d9       19%         3
 Animate Armour           Summ/Erth      54%        N/A       22%         4
 Ice Form                 Ice/Tmut       24%        N/A       32%         4
 Lightning Bolt           Conj/Air       17%        1d31      32%         5
 Freezing Cloud           Conj/Ice/Air   16%        6-21      34%         5
 Flame Wave               Conj/Fire      18%        2d7       54%         4
 Summon Cactus Giant      Summ           18%        N/A       77%         6
 Blade Hands              Tmut           9%         N/A       87%         5
 Conjure Ball Lightning   Conj/Air       17%        3x3d6     87%         6
 Malign Gateway           Summ/Tloc      21%        N/A       99%         7
 Iron Shot                Conj/Erth      9%         9d3       100%        6
 Starburst                Conj/Fire      9%         6d5       100%        6
 Statue Form              Tmut/Erth      12%        N/A       100%        6
 Dragon Form              Tmut           9%         N/A       100%        7
 Necromutation            Tmut/Necr      9%         N/A       100%        8
 Summon Horrible Things   Summ           18%        N/A       100%        8
 Chain Lightning          Conj/Air       17%        3d22      100%        9
 Dragon's Call            Summ           18%        N/A       100%        9

Inventory:

Hand Weapons
 a - a +8 dagger of speed
 b - a +5 vampiric quick blade (weapon)
 c - a +5 dagger of flaming
 D - a +2 rapier of speed
Armour
 f - the +2 cloak of the Falcon {+Inv rF+}
   (You bought it in a shop on level 2 of the Dungeon)

   rF:        It protects you from fire.
   +Inv:      It lets you turn invisible.
 i - a +4 troll leather armour (worn) {Snorg}
 u - a +2 hat of willpower (worn)
 C - an orb of guile
 G - a +3 buckler (worn)
 P - a scarf of shadows (worn)
Jewellery
 g - the ring "Mits" (right hand) {MP+9 EV+4}
   (You found it in the Desolation of Salt)

   [ring of evasion]

   EV:        It affects your evasion (+4).
   MP:        It affects your magic capacity (+9).
 j - the ring "Eguthull" {+Blink rCorr Str+2}
   (You found it in the Desolation of Salt)

   [ring of resist corrosion]

   Str:       It affects your strength (+2).
   +Blink:    It lets you blink.
   rCorr:     It protects you from acid and corrosion.
 p - the ring "Kani" {rPois rC+ Int+4}
   (You found it on level 4 of the Lair of Beasts)

   [ring of protection from cold]

   Int:       It affects your intelligence (+4).
   rC:        It protects you from cold.
   rPois:     It protects you from poison.
 E - the ring of Icusm (left hand) {Fly rElec rF+ Str+3}
   (You bought it in a shop on level 2 of the Vaults)

   [ring of flight]

   Str:       It affects your strength (+3).
   rF:        It protects you from fire.
   rElec:     It insulates you from electricity.
   Fly:       It grants you flight.
 F - a ring of protection from fire
 I - a +6 ring of intelligence
 J - the amulet of Ranoe (around neck) {+Blink Regen+ Str+7}
   (You found it on level 1 of the Swamp)

   [amulet of regeneration]

   Str:       It affects your strength (+7).
   +Blink:    It lets you blink.
   Regen:     It increases your rate of health regeneration.
 O - the amulet "Beosho" {Reflect Dex+4 SH+5}
   (You took it off a vampire mage on level 2 of the Depths)

   [amulet of reflection]

   It reflects blocked missile attacks.
   Dex:       It affects your dexterity (+4).
   SH:        It affects your SH (+5).
 R - a ring of resist corrosion
 T - a +4 ring of protection
 W - a ring of willpower
Wands
 e - a wand of mindburst (19)
 q - a wand of digging (1)
 r - a wand of iceblast (33)
 H - a wand of paralysis (45)
 Q - a wand of flame (44)
 X - a wand of quicksilver (10)
Scrolls
 m - 16 scrolls of teleportation {@r2}
 v - 4 scrolls of blinking
 x - 6 scrolls of butterflies
 y - 5 scrolls of poison
 A - a scroll of brand weapon
 B - a scroll of summoning
 K - 4 scrolls of fear
 L - a scroll of enchant armour
 V - 6 scrolls of magic mapping
Potions
 d - 5 potions of invisibility
 h - 7 potions of heal wounds {@q2}
 l - 6 potions of might
 n - 6 potions of cancellation
 t - 6 potions of resistance
 w - 3 potions of magic
 z - 5 potions of haste {@q3}
 M - 11 potions of ambrosia
 U - 16 potions of curing {@q1}
Miscellaneous
 k - a phantom mirror
 o - a phial of floods
 s - a lightning rod (4/4)
 N - a tin of tremorstones (2/2)
 Y - a condenser vane

Dungeon Overview and Level Annotations

Branches:
Dungeon (15/15)            Temple (1/1) D:5            Lair (5/5) D:11
  Swamp (4/4) Lair:2       Spider (4/4) Lair:2        Slime (0/5) Lair:4
    Orc (2/2) D:10            Elf (3/3) Orc:2        Vaults (4/5) D:13
  Crypt (0/3) Vaults:3     Depths (2/4) D:15         Bailey (visited)
  IceCv (visited)         Desolation (visited)      Gauntlet (visited)

Altars:
Ashenzari
Cheibriados
Dithmenos
Elyvilon
Fedhas
Gozag
Hepliaklqana
Kikubaaqudgha
Makhleb
Nemelex Xobeh
Okawaru
Qazlal
Ru
Sif Muna
Trog
Uskayaw
Vehumet
Wu Jian
Xom
Yredelemnul
Zin
The Shining One

Shops:
D:2 [   D:5 !   D:8 *   D:12 (   D:14 (   Orc:2 !([(   Elf:1 :   Elf:2 (
Vaults:2 =   Vaults:4 [(:!*

Portals:
Hell: Depths:1 Depths:2
Pandemonium: Depths:2
Trove: D:13 (give +6 demon blade)

Annotations:
Vaults:4 2 transporters
Depths:2 2 runed translucent doors, exclusion: 2 doors, Qiocutex's ghost, adept SpHu; Sojobo

..▓░†..▓▓...░░.▓░░▓▓░░...#)#.#
░..░..▓░..▓[.▓░.....▓▓.#.#.#.#
░.....░▓..░[.▓▓▓░░░.▓..#.#)#.#
░▓...▓▓?......▓▓░..▓▓.##.#.#.#
░▓...░░░.....░░░.░▓▓.. ..#.#
.▓▓.▓░.░▓░.▓▓░.▓░.▓▓. ###.#
.░░.▓░(........░░.▓ ..# ####
░░░▓..▓▒░▒░▒▓▒░░.▓▓ ... #<). ▓
░▓░░░▓░▓░░░░░@░ ### #### .░
▓░▒░▒▓▒░▒░.░▓ ░. ▓..░.[))..▓░
.▓▓..░(░▓░.[░ ▓ ░C▓▓.▓...░.░░
░▓. .░░.░▓▓▓▓✱▓ #
▓.▓§▓.▓▓..§§;▓▓ #
▓..§§.░▓..§✱§░ #
✱▓.▓;░✱░░.§§▓░ #


You could see a walking frostbound tome and a living spell (summoned).


Message History

You hit the walking frostbound tome.
The walking frostbound tome is lightly damaged.
You barely miss the walking frostbound tome.
The walking frostbound tome is lightly damaged.
The walking frostbound tome erupts in a flurry of living spells!
You barely miss the walking frostbound tome.
You hit the walking frostbound tome but do no damage.
The living spell casts itself at you.
The mass of ice explodes!
The iceblast engulfs you!!!
* * * LOW HITPOINT WARNING * * *
You emit a cloud of dark smoke.
The iceblast engulfs the living spell!!!
The living spell is destroyed!
You hear a loud rustle.
The walking frostbound tome falters for a moment.
The living spell casts itself at you.
The mass of ice explodes!
The iceblast engulfs you!!
* * * LOW HITPOINT WARNING * * *
You feel much better.
The walking frostbound tome's magic is no longer disrupted.
The walking frostbound tome is no longer weakened.
You see here a +0 robe.
The walking frostbound tome erupts in a flurry of living spells!
The walking frostbound tome erupts in a flurry of living spells!
The living spell casts itself at you.
The mass of ice explodes!
The iceblast engulfs you!
* * * LOW HITPOINT WARNING * * *
The living spell casts itself at you.
The mass of ice explodes!
The iceblast engulfs you!!!
You die...

Skill      XL: |  1  2  3  4  5  6  7  8  9 10 11 12 13 14 15 16 17 18 19 20 21 |
---------------+----------------------------------------------------------------+-----
Dodging        | 3 4 5 6 8 9 11 12 13 14 15 16 17 18 19 20 | 20.6
Stealth        | 5 6 7 8 9 10 12 14 15 16 17 18 19 20 21 | 21.3
Spellcasting   | 3 4 5 7 8 10 11 12 13 14 15 16 17 18 19 | 19.0
Hexes          | 4 5 6 7 9 10 11 12 13 14 15 16 17 18 | 18.8
Fighting       | 1 3 4 5 6 7 |  7.7
Evocations     | 4 7 8 10 11 12 14 16 17 19 | 19.0
Short Blades   | 3 6 9 10 11 | 11.1
Invocations    | 3 5 7 8 10 | 10.0
Shields        | 4 5 6 |  6.3
Ice Magic      | 3 |  3.3
Armour         | 2 5 6 |  6.0
Throwing       | 2 3 |  3.3
Poison Magic   | 4 7 9 |  9.6
Air Magic      | 4 6 8 |  8.4
Summonings     | 3 5 |  5.0
Translocations | 7 |  7.8

Action                   |  1- 3 |  4- 6 |  7- 9 | 10-12 | 13-15 | 16-18 | 19-21 || total
-------------------------+-------+-------+-------+-------+-------+-------+-------++-------
Melee: Dagger            |   149 |   108 |   151 |   693 |  1318 |  1486 |  1935 ||  5840
       Punch             |       |       |     2 |    16 |    17 |       |       ||    35
       Trident           |       |       |    12 |       |       |       |       ||    12
       Quick blade       |       |       |       |       |       |       |   191 ||   191
Throw: Dart              |       |     1 |    16 |    29 |    50 |    40 |       ||   136
 Cast: Ensorcelled Hiber |    17 |    21 |    73 |   113 |   203 |   326 |   284 ||  1037
       Confusing Touch   |       |       |    11 |    95 |   129 |    82 |     6 ||   323
       Cause Fear        |       |       |       |     1 |     4 |     4 |       ||     9
       Enfeeble          |       |       |       |       |       |    27 |   150 ||   177
       Poisonous Vapours |       |       |       |       |       |       |    89 ||    89
       Slow              |       |       |       |       |       |       |     1 ||     1
       Dazzling Flash    |       |       |       |       |       |       |     1 ||     1
       Summon Lightning  |       |       |       |       |       |       |     1 ||     1
Invok: Shadow Step       |       |       |       |       |       |     1 |       ||     1
 Abil: Evoke Invisibilit |       |       |       |       |     2 |       |       ||     2
       Evoke Blink       |       |       |       |       |       |     1 |       ||     1
Evoke: Wand              |       |       |       |     2 |     9 |    12 |    28 ||    51
       Tin of tremorston |       |       |       |       |     2 |       |     2 ||     4
       Condenser vane    |       |       |       |       |     1 |     1 |       ||     2
       Phantom mirror    |       |       |       |       |       |     1 |       ||     1
  Use: Potion            |       |       |     1 |     4 |     3 |     9 |     5 ||    22
       Scroll            |       |       |     7 |    20 |    16 |     8 |    10 ||    61
 Stab: Sleeping          |    23 |    24 |    57 |   108 |   211 |   292 |   300 ||  1015
       Confused          |       |       |    11 |    87 |   142 |    94 |     5 ||   339
       Distracted        |       |       |     2 |     8 |    18 |    20 |    27 ||    75
       Invisible         |       |       |       |     7 |     5 |    17 |    78 ||   107
       Paralysed         |       |       |       |       |       |       |     3 ||     3
Armor: Robe              |    19 |     2 |     4 |     2 |       |       |       ||    27
       Steam dragon scal |       |       |       |    24 |     1 |       |       ||    25
       Troll leather arm |       |       |       |       |    48 |    85 |    99 ||   232
Dodge: Dodged            |   122 |   137 |   125 |   574 |   472 |   863 |  1298 ||  3591
Block: Other             |       |       |       |    19 |    59 |       |       ||    78
       Buckler           |       |       |       |       |   188 |   598 |   672 ||  1458
       Reflection        |       |       |       |       |     7 |     2 |       ||     9

Levels and vault maps discovered:
D:1:      dpeg_arrival_shrine, layout_basic,
          hellmonk_ecumenical_altar_pennies_from_heaven, minmay_bisected
D:2:      layout_loops_ring, serial_shops, nicolae_shop_waterfront, basic_altar,
          grunt_decor_arrowhead
D:3:      layout_rooms
D:4:      layout_loops_ring, gammafunk_temple_overflow_forgotten, uniq_menkaure,
          uniq_natasha, uniq_duvessa
D:5:      nicolae_BIG_FREAKIN_CUBE, layout_cave_pools, minmay_temple_entry_mist,
          serial_shops, kennysheep_mini_moat, hangedman_minor_gate_pass
D:6:      layout_loops_cross, minmay_crossroads, uniq_sigmund
D:7:      layout_rooms
D:8:      layout_basic, enter_bailey_3, serial_shops, shop
D:9:      layout_long_grid, mainiacjoe_overflow_brackets, minmay_quadrilaterals,
          uniq_prince_ribbit1
D:10:     layout_cross, orc_0_dummy, minivault_22, kennysheep_just_a_vault,
          uniq_sonja, uniq_josephine
D:11:     cheibrodos_steamvent, layout_loops_ring, dpeg_lair_monsters,
          biasface_ghost_orc_armoury, uniq_erolcha, uniq_grum
D:12:     layout_loops_ring, gauntlet_entry_generic, serial_shops,
          nicolae_inconvenience_store, portal_ice_cave_entry_imps,
          minmay_misc_feat_enclosed, st_stairs_13
D:13:     layout_long_grid, hangedman_vaults_entry_quadrant_bands,
          nicolae_trove_entry_crystal, eino_curves_04, uniq_snorg, uniq_azrael
D:14:     layout_cave_pools, nicolae_shop_firing_range, uniq_nessos,
          uniq_roxanne
D:15:     grunt_enter_depths_magical_seal, layout_gridville,
          chequers_serial_rivers_micro_d, uniq_rupert, uniq_louise
Temple:   nicolae_temple_panitentiary
Lair:1:   layout_loops_ring, serial_forest, infiniplex_forest_clump_tiny,
          infiniplex_forest_lined_1, infiniplex_forest_clump_medium,
          infiniplex_forest_corner_1, infiniplex_forest_straight_2,
          infiniplex_forest_straight_4, serial_bayou_pond_c
Lair:2:   layout_concentric_octagons, minmay_swamp_entry_swarm,
          spider_nest_entry_web_field
Lair:3:   layout_regular_city, cheibrodos_lair_lostbears
Lair:4:   layout_gridlike, minmay_slime_entry_oklob_open, grunt_megastairs_2,
          serial_bayou_shore_b
Lair:5:   gammafunk_lair_ancient_temple, layout_gridlike, serial_bayou_pond_d,
          uniq_urug
Swamp:1:  layout_basic_swamp, nicolae_swamp_triple_paths, swamp_pool3,
          uniq_kirke
Swamp:2:  layout_basic_swamp, evilmike_swamp_ruin_wall, roderic_carrion_pond
Swamp:3:  layout_basic_swamp, evilmike_swamp_ruin_house_3,
          nicolae_swamp_little_tower
Swamp:4:  swamp, layout_basic_swamp, swamp_pool5
Spider:1: layout_spider_delve, drop_trap
Spider:2: layout_spider_delve, nicolae_spider_some_kinda_spiderbox
Spider:3: layout_spider_delve, hive_lemuel, uniq_aizul
Spider:4: johnstein_spider_rune_arachne_lair, hangedman_stitches_earthworm
Orc:1:    layout_diamond_mine, basic_altar, hellmonk_ghost_happy_afterlife,
          bh_open_orc_temple, uniq_jorgrun
Orc:2:    st_orc_mages, layout_caves, mines2_david
Elf:1:    nicolae_elf_arrival_fired_up, layout_loops_corners,
          minmay_elf_sorcery, nicolae_shop_vocational, grunt_megastairs_3
Elf:2:    elven_hall_of_blades_hangedman_alternative [mumra_blade_entry_dagger],
          layout_geoelf_octagon, serial_shops, shop_statue, glass_columns_a,
          hex_large, lemuel_statue_altar
Elf:3:    minmay_elf_hall_circle, layout_rooms, uniq_asterion
Vaults:1: portal_desolation_entry_ruin, nicolae_vaults_asterisk, v_pattern_3,
          nicolae_vaults_bisected_slash, vaults_room_door_hall,
          vaults_room_door_hall, vaults_room_door_hall, layout_vaults_omnibox
Vaults:2: nicolae_vaults_border_crossing, nicolae_vaults_halls_meeting,
          ontoclasm_vaults_twist, vaults_room_door_ring,
          ontoclasm_vaults_claustrophobia, v_misc_2, grunt_vaults_twisty,
          v_alt_pattern_2, nicolae_vaults_sealed_display,
          hangedman_vaults_cutoff, ontoclasm_vaults_ring_small,
          nicolae_vaults_shelves_hall, grunt_vaults_diagonal, v_misc_15,
          v_misc_8, grunt_vaults_hallway_short, layout_vaults_ring,
          serial_shops, shop
Vaults:3: nicolae_vaults_shelves_hall, grunt_vaults_funnel, vaults_room_fours,
          vaults_room_pool, v_misc_4, layout_vaults_omnigrid,
          minmay_crypt_entry_necro_gods
Vaults:4: nicolae_vaults_network_quincunx
          [nicolae_vaults_network_quincunx_subvault,
          nicolae_vaults_network_quincunx_subvault,
          nicolae_vaults_network_quincunx_subvault,
          nicolae_vaults_network_quincunx_subvault,
          nicolae_vaults_network_quincunx_subvault], hangedman_vaults_stream,
          gammafunk_the_bubble [the_bubble_gammafunk_grid],
          hangedman_vaults_corner_blocks, hangedman_vaults_slither,
          vaults_room_boxed, vaults_room_door_ring, nicolae_vaults_big_ls,
          vaults_mumra_hexcomb, ontoclasm_vaults_ring_small,
          nicolae_vaults_little_squares_1, layout_vaults_maze, serial_shops,
          shop, shop, shop, shop, shop
Depths:1: layout_cave_pools, hangedman_abyss_or_decor_jellyfish_corner,
          nicolae_hell_entry_hellmouth_sunbeams, kennysheep_doodads, hex_medium,
          nrook_kobold_shadow_demons
Depths:2: minmay_the_grid_triangle_9x9_recursive_3
          [minmay_the_grid_triangle_9x9_sparse_checkered,
          minmay_the_grid_triangle_9x9_intruding_spiral,
          minmay_the_grid_triangle_9x9_thin_v,
          minmay_the_grid_triangle_9x9_prize_special,
          minmay_the_grid_triangle_9x9_stretched_checkered,
          minmay_the_grid_triangle_9x9_pentomino_pain,
          minmay_the_grid_triangle_9x9_dagger,
          minmay_the_grid_triangle_9x9_impossible_snake,
          minmay_the_grid_triangle_9x9_tough_junction], layout_basic,
          ebering_ghost_inner_flame, marbit_kobold_abyss_entry, hell_entry,
          infiniplex_staircase_zigzag_1, pan_entry, minmay_crystal_box,
          uniq_sojobo

Notes
Turn   | Place    | Note
-------+----------+-------------------------------------------
     0 | D:1      | kingofthe the Spriggan Enchanter began the quest for the
                  | Orb.
     0 | D:1      | Reached XP level 1. HP: 9/9 MP: 5/5
   122 | D:1      | Reached XP level 2. HP: 7/13 MP: 6/6
   136 | D:1      | Learned a level 2 spell: Ensorcelled Hibernation
   343 | D:1      | Reached skill level 3 in Dodging
   354 | D:1      | Reached skill level 5 in Stealth
   389 | D:1      | Reached skill level 3 in Spellcasting
   600 | D:1      | Found a faded altar of an unknown god.
   637 | D:1      | Reached XP level 3. HP: 8/16 MP: 2/8
   803 | D:1      | Reached skill level 4 in Hexes
  1504 | D:2      | Found a blossoming altar of Fedhas.
  1815 | D:2      | Reached XP level 4. HP: 21/21 MP: 3/10
  2034 | D:2      | Found Gaiheat's Antique Armour Emporium.
  2265 | D:2      | Reached skill level 6 in Stealth
  2675 | D:3      | Learned a level 3 spell: Confusing Touch
  2880 | D:3      | You fall into a shaft and drop 3 floors!
  2885 | D:6      | Noticed an ogre
  2893 | D:6      | Noticed a phantom
  2944 | D:6      | Noticed an ice beast
  2957 | D:6      | Noticed a water moccasin
  2962 | D:6      | Noticed Sigmund
  2978 | D:6      | Noticed a water moccasin
  2987 | D:6      | Noticed a bullfrog
  3034 | D:6      | Killed a bullfrog
  3035 | D:6      | Reached skill level 4 in Dodging
  3035 | D:6      | Reached XP level 5. HP: 13/24 MP: 8/11
  3096 | D:6      | Killed a water moccasin
  3097 | D:6      | Reached skill level 7 in Stealth
  3097 | D:6      | Reached skill level 4 in Spellcasting
  3097 | D:6      | Reached XP level 6. HP: 19/28 MP: 4/13
  3136 | D:5      | Entered Level 5 of the Dungeon
  3231 | D:4      | Found a white marble altar of Elyvilon.
  3231 | D:4      | Found a shadowy altar of Dithmenos.
  3233 | D:4      | Found an iron altar of Okawaru.
  3334 | D:4      | Noticed Dowan
  3401 | D:4      | Noticed Menkaure
  3402 | D:4      | Identified the +7 trident of the Madman {freeze, rCorr
                  | Int+2}
  3404 | D:4      | Killed Menkaure
  3405 | D:4      | Reached skill level 5 in Hexes
  3410 | D:4      | Noticed Natasha
  3812 | D:4      | Reached skill level 5 in Dodging
  3812 | D:4      | Reached skill level 8 in Stealth
  4144 | D:4      | Reached XP level 7. HP: 32/32 MP: 12/15
  4411 | D:4      | Noticed Duvessa
  4444 | D:4      | Killed Natasha
  4465 | D:4      | Noticed Natasha
  4481 | D:4      | Killed Natasha
  4482 | D:4      | Reached skill level 5 in Spellcasting
  5015 | D:5      | Found Vuih's Distillery.
  5018 | D:5      | Bought a potion of heal wounds for 65 gold pieces
  5176 | D:5      | Found a staircase to the Ecumenical Temple.
  5186 | Temple   | Entered the Ecumenical Temple
  5186 | Temple   | Noticed a red devil
  5186 | Temple   | Noticed a rust devil
  5281 | Temple   | Noticed Gos Jajy the pandemonium lord
  5281 | Temple   | Noticed Ruklus the pandemonium lord
  5311 | Temple   | Noticed a cacodemon
  5311 | Temple   | Noticed Doti the pandemonium lord
  5311 | Temple   | Noticed an orange demon
  5329 | Temple   | Noticed Ovunn the pandemonium lord
  5338 | Temple   | Noticed Woyl the pandemonium lord
  5358 | Temple   | Noticed Lorchida the pandemonium lord
  5358 | Temple   | Noticed a lorocyproca
  5443 | D:4      | Became a worshipper of Dithmenos the Shadowed
  5576 | D:5      | Reached skill level 6 in Hexes
  5603 | D:5      | Reached skill level 6 in Dodging
  5603 | D:5      | Reached skill level 9 in Stealth
  5748 | D:5      | Reached XP level 8. HP: 36/36 MP: 13/17
  5956 | D:5      | Reached skill level 6 in Spellcasting
  6041 | D:6      | HP: 2/36 [wyvern (5)]
  6339 | D:6      | Killed Sigmund
  6382 | D:6      | Reached skill level 7 in Dodging
  6382 | D:6      | Reached skill level 10 in Stealth
  6382 | D:6      | Reached skill level 7 in Hexes
  6830 | D:6      | Reached skill level 7 in Spellcasting
  6889 | D:6      | Reached skill level 8 in Dodging
  6889 | D:6      | Reached XP level 9. HP: 39/39 MP: 15/21
  6891 | D:6      | Reached skill level 11 in Stealth
  6916 | D:6      | Reached skill level 8 in Hexes
  7040 | D:6      | Reached * piety under Dithmenos
  8042 | D:7      | Reached skill level 8 in Spellcasting
  8137 | D:7      | Learned a level 3 spell: Tukima's Dance
  8141 | D:7      | Learned a level 3 spell: Dazzling Flash
  8303 | D:7      | Reached skill level 9 in Dodging
  8531 | D:7      | Reached skill level 12 in Stealth
  8769 | D:7      | Reached skill level 9 in Hexes
  9203 | D:8      | Found Cehefof's Assorted Antiques.
  9282 | D:8      | Reached XP level 10. HP: 41/44 MP: 23/23
  9342 | D:8      | Reached ** piety under Dithmenos
  9407 | D:8      | Reached skill level 9 in Spellcasting
  9663 | D:8      | Found a flagged portal.
  9714 | Bailey   | Entered a bailey
  9867 | Bailey   | Reached skill level 10 in Dodging
  9990 | Bailey   | Noticed an orc knight
 10027 | Bailey   | Killed an orc knight
 10028 | Bailey   | Reached skill level 13 in Stealth
 10221 | Bailey   | Reached *** piety under Dithmenos
 10590 | Bailey   | Noticed an orc warlord
 11079 | D:8      | Reached skill level 10 in Hexes
 11192 | D:8      | Found Cehefof's Assorted Antiques.
 11557 | D:8      | Acquired 645 gold pieces
 11688 | D:2      | Bought a heavily runed cloak for 237 gold pieces
 11688 | D:2      | Identified the +1 cloak of Demons {Slay+3} (You bought it
                  | in a shop on level 2 of the Dungeon)
 11688 | D:2      | Bought a smoking cloak for 237 gold pieces
 11688 | D:2      | Identified the +2 cloak of the Falcon {+Inv rF+} (You
                  | bought it in a shop on level 2 of the Dungeon)
 11915 | D:8      | Bought a scroll of summoning for 275 gold pieces
 11915 | D:8      | Bought a sedimented emerald potion for 26 gold pieces
 11971 | D:9      | Noticed a two-headed ogre
 11978 | D:9      | Killed a two-headed ogre
 11979 | D:9      | Reached skill level 1 in Fighting
 11979 | D:9      | Reached skill level 10 in Spellcasting
 12153 | D:9      | Found an ornate altar of the Wu Jian Council.
 12156 | D:9      | Noticed a two-headed ogre
 12165 | D:9      | Noticed Prince Ribbit
 12304 | D:9      | HP: 2/45 [two-headed ogre/+0 giant club (19)]
 12666 | D:9      | Reached skill level 11 in Dodging
 12829 | D:9      | Reached skill level 14 in Stealth
 12908 | D:9      | Killed Prince Ribbit
 13283 | D:9      | Reached XP level 11. HP: 44/50 MP: 13/26
 13437 | D:9      | Learned a level 4 spell: Cause Fear
 13725 | D:9      | Killed a two-headed ogre
 13952 | D:10     | Entered Level 10 of the Dungeon
 13962 | D:10     | Noticed Sonja
 14017 | D:10     | Noticed Josephine
 14020 | D:10     | Killed Sonja
 14021 | D:10     | Reached skill level 2 in Fighting
 14205 | D:10     | Found a staircase to the Orcish Mines.
 14337 | D:10     | Reached **** piety under Dithmenos
 14554 | D:10     | Reached skill level 1 in Evocations
 14981 | D:9      | Reached skill level 12 in Dodging
 14981 | D:9      | Reached skill level 15 in Stealth
 14987 | D:9      | Reached skill level 11 in Spellcasting
 14987 | D:9      | Reached skill level 2 in Evocations
 15853 | D:11     | Found a runed translucent gate.
 15933 | D:11     | Reached skill level 3 in Evocations
 16018 | D:11     | Noticed Erolcha
 16268 | D:11     | Found a staircase to the Lair.
 16269 | D:11     | Noticed a death yak
 16282 | D:11     | Noticed a boulder beetle
 16315 | D:11     | Noticed Grum
 16335 | D:11     | Killed Grum
 16555 | D:11     | Found a runed translucent gate.
 16556 | D:11     | Found a runed translucent gate.
 16556 | D:11     | Noticed 0gre's ghost (journeyman GnIE)
 16558 | D:11     | Identified the +1 plate armour of Card Tricks {rElec Regen+
                  | Dex+2}
 16629 | D:11     | Noticed a death yak
 16629 | D:11     | Noticed a death yak
 16651 | D:11     | Reached skill level 2 in Short Blades
 16844 | D:11     | Killed a death yak
 16845 | D:11     | Reached skill level 3 in Fighting
 16845 | D:11     | Reached skill level 4 in Evocations
 16937 | D:11     | Killed a death yak
 16961 | D:11     | Killed Erolcha
 16962 | D:11     | Reached skill level 3 in Short Blades
 16962 | D:11     | Reached skill level 11 in Hexes
 16986 | D:11     | Killed a death yak
 16987 | D:11     | Reached XP level 12. HP: 43/56 MP: 24/28
 17136 | D:11     | Reached skill level 5 in Evocations
 17567 | D:12     | Reached skill level 4 in Short Blades
 17605 | D:12     | Found a frozen archway.
 17820 | D:12     | Found Lukurghargh's Antique Weapon Boutique.
 17859 | D:12     | Found a gate leading to a gauntlet.
 17880 | D:12     | Reached skill level 6 in Evocations
 17891 | Gauntlet | Entered a Gauntlet
 17891 | Gauntlet | Found a transporter.
 17891 | Gauntlet | Found a transporter.
 17908 | Gauntlet | Found a runed translucent door.
 17911 | Gauntlet | Found a transporter.
 17913 | Gauntlet | Found a transporter.
 17924 | Gauntlet | Found a transporter.
 17925 | Gauntlet | Found a transporter.
 17933 | Gauntlet | Noticed a hell beast
 17936 | Gauntlet | Found a transporter.
 17949 | Gauntlet | Noticed a minotaur
 17950 | Gauntlet | Found a transporter.
 17964 | Gauntlet | Found a transporter.
 17968 | Gauntlet | Found a transporter.
 17976 | Gauntlet | Found a transporter.
 17980 | Gauntlet | Found a transporter.
 18103 | Gauntlet | Reached ***** piety under Dithmenos
 18283 | Gauntlet | Identified the ring "Redaha" {rElec rN+ rCorr Str-5 Int+2}
 18328 | Gauntlet | Killed a minotaur
 18329 | Gauntlet | Reached skill level 5 in Short Blades
 18329 | Gauntlet | Reached skill level 16 in Stealth
 18473 | IceCv    | Entered an ice cave
 18515 | IceCv    | Reached skill level 13 in Dodging
 18657 | IceCv    | Reached skill level 7 in Evocations
 18910 | IceCv    | Reached skill level 4 in Fighting
 19120 | IceCv    | Noticed a reaper
 19291 | IceCv    | Killed a reaper
 19301 | IceCv    | Reached skill level 6 in Short Blades
 19480 | IceCv    | Identified a +2 crystal plate armour of cold resistance
 19963 | IceCv    | Reached skill level 12 in Spellcasting
 21071 | D:12     | Identified a potion of resistance
 21111 | D:12     | Reached XP level 13. HP: 63/63 MP: 26/30
 21432 | D:13     | Reached skill level 7 in Short Blades
 21434 | D:13     | Reached skill level 1 in Invocations
 21452 | D:13     | Reached skill level 12 in Hexes
 21468 | D:13     | Found a gate to the Vaults.
 21510 | D:13     | Noticed Azrael
 21804 | D:13     | Found a portal to a secret trove of treasure.
 21829 | D:13     | Reached skill level 2 in Invocations
 21946 | D:13     | Noticed Snorg
 21953 | D:13     | Killed Snorg
 22309 | D:13     | Killed Azrael
 22310 | D:13     | Reached skill level 5 in Fighting
 22565 | D:13     | Reached skill level 8 in Short Blades
 22565 | D:13     | Reached skill level 17 in Stealth
 22627 | D:14     | Reached skill level 8 in Evocations
 22973 | D:14     | Reached skill level 3 in Invocations
 22996 | D:14     | Reached skill level 14 in Dodging
 23096 | D:14     | Identified Roxanne's Guidebook on Transformation
 23096 | D:14     | Noticed Roxanne
 23403 | D:14     | Noticed Nessos
 23410 | D:14     | Killed Nessos
 23414 | D:14     | Reached skill level 9 in Short Blades
 23425 | D:14     | Found Uthocvuq's Firing Range.
 23559 | D:15     | Entered Level 15 of the Dungeon
 23648 | D:15     | Reached XP level 14. HP: 68/68 MP: 31/31
 23668 | D:15     | Reached ****** piety under Dithmenos
 23762 | D:15     | Reached skill level 13 in Spellcasting
 23949 | D:15     | Noticed Louise
 24021 | D:15     | Reached skill level 9 in Evocations
 24038 | D:15     | Reached skill level 4 in Invocations
 24039 | D:15     | Found a staircase to the Depths.
 24167 | D:15     | Killed Louise
 24305 | D:15     | Reached skill level 13 in Hexes
 24529 | D:15     | Noticed Rupert
 24836 | Lair:1   | Entered Level 1 of the Lair of Beasts
 24969 | Lair:1   | Reached skill level 10 in Short Blades
 25395 | Lair:1   | Reached skill level 18 in Stealth
 26126 | Lair:2   | Reached skill level 5 in Invocations
 26129 | Lair:2   | Found a staircase to the Swamp.
 26461 | Lair:2   | Found a hole to the Spider Nest.
 26493 | Lair:2   | Reached skill level 10 in Evocations
 26752 | Lair:2   | Reached skill level 15 in Dodging
 27632 | Lair:3   | Reached XP level 15. HP: 72/72 MP: 28/33
 27781 | Lair:3   | Reached skill level 1 in Shields
 28021 | Lair:3   | Identified the +9 morningstar of Tafuon {vorpal, Int+4}
 28472 | Lair:4   | Found a staircase to the Slime Pits.
 28890 | Lair:4   | Identified the ring "Kani" {rPois rC+ Int+4}
 28904 | Lair:4   | Reached skill level 14 in Spellcasting
 29918 | Lair:4   | Reached skill level 6 in Invocations
 29932 | Lair:4   | Reached skill level 2 in Shields
 30317 | Lair:5   | Entered Level 5 of the Lair of Beasts
 30631 | Lair:5   | Noticed Urug
 30715 | Lair:5   | Killed Urug
 30953 | Lair:5   | Reached skill level 14 in Hexes
 30953 | Lair:5   | Reached skill level 11 in Evocations
 30959 | Lair:5   | Reached skill level 3 in Shields
 31348 | Lair:5   | Found the +8 trident of the Octopus King {venom, rElec
                  | rPois}
 32025 | D:10     | Killed Josephine
 32176 | D:4      | Killed Dowan
 32254 | D:4      | Killed Duvessa
 32621 | D:11     | Killed 0gre's ghost
 32665 | D:11     | Identified the +1 pair of boots of Free Will {rElec rPois
                  | rCorr SInv}
 32795 | D:15     | Found a staircase to the Depths.
 32965 | D:15     | Killed Rupert
 33123 | D:14     | Killed Roxanne
 33260 | D:9      | Acquired 854 gold pieces
 33287 | Orc:1    | Entered Level 1 of the Orcish Mines
 33355 | Orc:1    | Noticed Jorgrun
 33364 | Orc:1    | Found a runed translucent door.
 33364 | Orc:1    | Noticed GigaChad's ghost (journeyman MiGl)
 33723 | Orc:1    | Reached skill level 4 in Shields
 34017 | Orc:1    | Killed Jorgrun
 34082 | Orc:2    | Entered Level 2 of the Orcish Mines
 34459 | Orc:2    | Found a staircase to the Elven Halls.
 34934 | Orc:2    | Reached skill level 7 in Invocations
 34980 | Orc:2    | Reached skill level 16 in Dodging
 35219 | Orc:2    | Found Oton's Antique Armour Shop.
 35219 | Orc:2    | Found Aheruave's Distillery.
 35219 | Orc:2    | Found Riuppikhaa's Weapon Boutique.
 35224 | Orc:2    | Found For Male's Antique Weapon Shop.
 35543 | Orc:2    | Bought a potion of curing for 42 gold pieces
 35543 | Orc:2    | Bought a potion of heal wounds for 70 gold pieces
 35543 | Orc:2    | Bought a potion of curing for 42 gold pieces
 35543 | Orc:2    | Bought a potion of heal wounds for 70 gold pieces
 35543 | Orc:2    | Bought a potion of haste for 140 gold pieces
 35548 | Orc:2    | Bought a runed orb for 228 gold pieces
 35576 | Elf:1    | Entered Level 1 of the Elven Halls
 36132 | D:9      | Learned a level 7 spell: Enfeeble
 36242 | Swamp:1  | Entered Level 1 of the Swamp
 36264 | Swamp:1  | Noticed Kirke
 36286 | Swamp:1  | Reached XP level 16. HP: 76/76 MP: 32/35
 36574 | Spider:1 | Entered Level 1 of the Spider Nest
 36677 | Spider:1 | Reached skill level 5 in Shields
 36825 | Spider:1 | Reached skill level 12 in Evocations
 37178 | Spider:1 | Reached skill level 15 in Spellcasting
 37754 | Spider:1 | Reached skill level 1 in Ice Magic
 37756 | Spider:1 | Reached skill level 19 in Stealth
 38287 | Spider:2 | Reached skill level 2 in Ice Magic
 38292 | Spider:2 | Reached skill level 15 in Hexes
 38300 | Spider:2 | Reached skill level 8 in Invocations
 39194 | Spider:2 | Reached skill level 3 in Ice Magic
 39405 | Spider:2 | You fall into a shaft and drop 1 floor!
 39900 | Spider:3 | Noticed Aizul
 39904 | Spider:3 | Killed Aizul
 40473 | Spider:3 | Reached skill level 17 in Dodging
 40710 | Spider:4 | Entered Level 4 of the Spider Nest
 40825 | Spider:4 | Reached XP level 17. HP: 80/80 MP: 37/37
 41066 | Spider:4 | Reached skill level 20 in Stealth
 41380 | Spider:4 | Reached skill level 9 in Invocations
 41567 | Spider:4 | Reached skill level 16 in Spellcasting
 41807 | Spider:4 | Reached skill level 13 in Evocations
 42304 | Spider:4 | Reached skill level 16 in Hexes
 42355 | Spider:4 | Got a gossamer rune of Zot
 42384 | Spider:4 | Noticed Arachne
 42423 | Spider:4 | Killed Arachne
 43126 | Swamp:1  | Killed Kirke
 43296 | Swamp:1  | Reached skill level 18 in Dodging
 43298 | Swamp:1  | Identified the amulet of Ranoe {+Blink Regen+ Str+7}
 43354 | Swamp:1  | Reached skill level 1 in Armour
 44202 | Swamp:2  | Reached skill level 2 in Armour
 44645 | Swamp:2  | Reached skill level 10 in Invocations
 45389 | Swamp:3  | Got the Textbook on the Calid Snowflakes
 45476 | Swamp:3  | Reached skill level 14 in Evocations
 45476 | Swamp:3  | Reached XP level 18. HP: 84/84 MP: 39/39
 45750 | Swamp:3  | Got the Discourse on Ruinous Weather
 45904 | Swamp:3  | Reached skill level 3 in Armour
 46000 | Swamp:4  | Entered Level 4 of the Swamp
 46368 | Swamp:4  | Noticed the 27-headed Lernaean hydra
 46691 | Swamp:4  | Killed the 27-headed Lernaean hydra
 46937 | Swamp:3  | Reached skill level 4 in Armour
 47042 | Swamp:4  | Reached skill level 6 in Fighting
 47167 | Swamp:4  | Reached skill level 17 in Spellcasting
 47389 | Swamp:4  | Got a decaying rune of Zot
 48471 | Orc:1    | Killed GigaChad's ghost
 48677 | Depths:1 | Entered Level 1 of the Depths
 48785 | Depths:1 | HP: 8/86 [rakshasa/lance of force (14)]
 48785 | Depths:1 | HP: 2/86 [rock wall collision (6)]
 49365 | Depths:1 | Found a gateway to Hell.
 49629 | Depths:1 | Gained mutation: You do not regenerate when monsters are
                  | visible. [a shining eye]
 49670 | Depths:1 | Gained mutation: Your body sometimes deteriorates upon
                  | taking damage. [a shining eye]
 49810 | Depths:1 | Reached skill level 5 in Armour
 49810 | Depths:1 | Reached skill level 17 in Hexes
 49970 | D:9      | Lost mutation: You do not regenerate when monsters are
                  | visible. [potion of mutation]
 49970 | D:9      | Lost mutation: Your body sometimes deteriorates upon taking
                  | damage. [potion of mutation]
 49970 | D:9      | Gained mutation: You sometimes lose your temper in combat.
                  | [potion of mutation]
 49970 | D:9      | Gained mutation: You are partially covered in iridescent
                  | scales. (AC +2) [potion of mutation]
 50208 | Elf:1    | Reached skill level 1 in Throwing
 50578 | Elf:1    | Reached skill level 2 in Throwing
 50593 | Elf:1    | Found Nammaetu's Vocational Training.
 50646 | Elf:1    | Reached skill level 6 in Shields
 50923 | Elf:1    | Reached XP level 19. HP: 91/91 MP: 19/41
 51112 | D:9      | Lost mutation: You are partially covered in iridescent
                  | scales. (AC +2) [potion of mutation]
 51112 | D:9      | Lost mutation: You sometimes lose your temper in combat.
                  | [potion of mutation]
 51112 | D:9      | Gained mutation: Your spells are a little easier to cast,
                  | but a little less powerful. [potion of mutation]
 51112 | D:9      | Gained mutation: Your muscles are strong. (Str +4, Int/Dex
                  | -1) [potion of mutation]
 51115 | D:9      | Lost mutation: Your spells are a little easier to cast, but
                  | a little less powerful. [potion of mutation]
 51115 | D:9      | Lost mutation: Your muscles are strong. (Str +4, Int/Dex
                  | -1) [potion of mutation]
 51115 | D:9      | Gained mutation: You are robust. (+10% HP) [potion of
                  | mutation]
 51115 | D:9      | Gained mutation: You possess an exceptional clarity of
                  | mind. [potion of mutation]
 51600 | Elf:1    | Learned a level 2 spell: Poisonous Vapours
 51612 | Elf:1    | Bought a manual of Evocations for 1120 gold pieces
 52040 | Elf:1    | Reached skill level 15 in Evocations
 52323 | Elf:1    | Got the Tome of United Concussion
 52452 | Elf:2    | Reached skill level 1 in Poison Magic
 52457 | Elf:2    | Reached skill level 19 in Dodging
 52717 | D:9      | Learned a level 4 spell: Airstrike
 52862 | Elf:2    | Identified the ring "Metz" {Fire Int+3}
 52895 | Elf:2    | Reached skill level 3 in Throwing
 52932 | Elf:2    | Found a radiant altar of Vehumet.
 53145 | Elf:2    | HP: 9/100 [+1 scimitar of electrocution (18)]
 53256 | Elf:2    | Found Unautz's Weapon Emporium.
 53334 | Elf:2    | Paralysed by an air elemental for 1 turns
 53342 | Elf:2    | Paralysed by an air elemental for 1 turns
 53355 | Elf:2    | Paralysed by an air elemental for 1 turns
 54218 | Elf:2    | Reached skill level 1 in Air Magic
 54996 | Elf:2    | Found a huge runed translucent gate.
 54996 | Elf:2    | Found a huge runed translucent gate.
 54996 | Elf:2    | Found a huge runed translucent gate.
 55095 | Elf:2    | Found a huge runed translucent gate.
 55095 | Elf:2    | Found a huge runed translucent gate.
 55133 | Elf:3    | Entered Level 3 of the Elven Halls
 55194 | Elf:3    | Paralysed by an air elemental for 1 turns
 55419 | Elf:3    | Reached skill level 2 in Poison Magic
 55816 | Vaults:1 | Entered Level 1 of the Vaults
 55946 | Vaults:1 | Reached skill level 2 in Air Magic
 55949 | Vaults:1 | Reached skill level 6 in Armour
 56238 | Vaults:1 | Found a crumbling gateway.
 56255 | Desolati | Entered the Desolation of Salt
 56630 | Desolati | Identified the ring "Mits" {MP+9 EV+4}
 56633 | Desolati | Got the Atlas of Feathery Filth
 56849 | Desolati | Reached skill level 7 in Fighting
 56849 | Desolati | Reached skill level 3 in Air Magic
 56956 | Desolati | Reached skill level 3 in Poison Magic
 57261 | Desolati | Identified the ring "Eguthull" {+Blink rCorr Str+2}
 57263 | Desolati | Identified the +4 robe "Kih Mor" {Contam Harm rPois Will-
                  | Archmagi}
 57285 | Desolati | Identified the +1 scale mail "Siaxozam" {Int+3}
 57320 | Desolati | Identified the +10 plate armour of Locoth {Contam Str+3}
 57327 | Desolati | Got the Folio of Bewitchment
 57330 | Desolati | Learned a level 1 spell: Slow
 57501 | Desolati | HP: 5/92 [halazid warlock/bolt of negative energy (47)]
 57951 | Vaults:1 | Reached skill level 16 in Evocations
 58137 | Vaults:1 | Reached skill level 4 in Poison Magic
 59144 | Vaults:2 | Reached skill level 4 in Air Magic
 59249 | Vaults:2 | Identified the +7 hand axe "Noaz" {vorpal, rN+ Will- Str+2
                  | Dex+2}
 59302 | Vaults:2 | Reached XP level 20. HP: 106/106 MP: 42/42
 59349 | Vaults:2 | Reached skill level 18 in Spellcasting
 59628 | Vaults:2 | Reached skill level 5 in Poison Magic
 60210 | Vaults:2 | Found Qaghanuyd's Jewellery Shoppe.
 60453 | Vaults:2 | Reached skill level 11 in Short Blades
 60687 | Vaults:2 | Reached skill level 5 in Air Magic
 60687 | Vaults:2 | Reached skill level 6 in Poison Magic
 60937 | Vaults:2 | Reached skill level 17 in Evocations
 61567 | Vaults:2 | Learned a level 4 spell: Summon Lightning Spire
 61791 | Vaults:3 | Reached skill level 18 in Hexes
 61835 | Vaults:3 | Reached skill level 1 in Summonings
 62123 | Vaults:3 | Reached skill level 21 in Stealth
 62315 | Vaults:3 | Reached skill level 2 in Summonings
 62320 | Vaults:3 | Reached skill level 7 in Poison Magic
 62324 | Vaults:3 | Reached skill level 6 in Air Magic
 62614 | Vaults:3 | Got Qeno's Compendium of Unholy Mysteries and Impurities
 62701 | Vaults:3 | Reached skill level 20 in Dodging
 62815 | Vaults:3 | Found a staircase to the Crypt.
 62815 | Vaults:3 | Found an ancient bone altar of Kikubaaqudgha.
 62815 | Vaults:3 | Found a basalt altar of Yredelemnul.
 63389 | Vaults:3 | Reached skill level 3 in Summonings
 63418 | Vaults:4 | Found Napoeclo's Armour Emporium.
 63518 | Vaults:4 | Found Duwnugal's Assorted Antiques.
 63522 | Vaults:4 | Bought a scroll of teleportation for 114 gold pieces
 63532 | Vaults:4 | Found Cyownouc's Distillery.
 63539 | Vaults:4 | Bought a potion of invisibility for 112 gold pieces
 63539 | Vaults:4 | Bought a potion of heal wounds for 70 gold pieces
 63539 | Vaults:4 | Bought a potion of heal wounds for 70 gold pieces
 63818 | Vaults:4 | Found Suulunin's Antique Weapon Shop.
 64043 | Vaults:4 | Reached XP level 21. HP: 112/112 MP: 38/44
 64253 | Vaults:4 | Found Gitotif's Book Shoppe.
 64260 | Vaults:4 | Bought a There-And-Back Book for 570 gold pieces
 64267 | Vaults:4 | Learned a level 6 spell: Dispersal
 64271 | Vaults:4 | Learned a level 3 spell: Teleport Other
 64415 | Vaults:4 | Identified the +2 leather armour of the Trees {Will+}
 64440 | Vaults:4 | Reached skill level 18 in Evocations
 64461 | Vaults:4 | Reached skill level 1 in Translocations
 64642 | Vaults:4 | Reached skill level 8 in Poison Magic
 64821 | Vaults:4 | Reached skill level 2 in Translocations
 64827 | Vaults:4 | Reached skill level 7 in Air Magic
 65026 | Vaults:4 | Found a transporter.
 65045 | Vaults:4 | Found a transporter.
 65144 | Vaults:4 | Reached skill level 4 in Summonings
 65201 | Vaults:4 | Reached skill level 3 in Translocations
 65942 | Elf:3    | Paralysed by an air elemental for 1 turns
 65946 | Elf:3    | Paralysed by an air elemental for 1 turns
 66139 | Elf:3    | Reached skill level 4 in Translocations
 66489 | Elf:2    | Found a huge runed translucent gate.
 66489 | Elf:2    | Found a huge runed translucent gate.
 66489 | Elf:2    | Found a huge runed translucent gate.
 66591 | Elf:2    | Found Unautz's Weapon Emporium.
 66716 | Elf:2    | Found a huge runed translucent gate.
 66716 | Elf:2    | Found a huge runed translucent gate.
 67095 | Elf:2    | Reached skill level 5 in Translocations
 68939 | D:15     | Found a staircase to the Depths.
 69361 | Depths:1 | Reached skill level 9 in Poison Magic
 69570 | Depths:1 | Reached skill level 5 in Summonings
 69694 | Depths:2 | Found a runed translucent door.
 69701 | Depths:2 | Reached skill level 6 in Translocations
 69720 | Depths:2 | Noticed Qiocutex's ghost (adept SpHu)
 69825 | Depths:2 | Noticed Sojobo
 70096 | Depths:2 | Reached skill level 8 in Air Magic
 70110 | Depths:2 | Found a one-way gate leading to the halls of Pandemonium.
 70333 | Depths:2 | Found a runed translucent door.
 70655 | Vaults:2 | Bought the ring of Icusm {Fly rElec rF+ Str+3} for 672 gold
                  | pieces
 71262 | Depths:2 | Found a runed translucent door.
 71263 | Depths:2 | Found a runed translucent door.
 71269 | Depths:2 | Reached skill level 7 in Translocations
 71359 | Depths:2 | Reached skill level 19 in Spellcasting
 71361 | Depths:2 | Reached skill level 19 in Evocations
 71519 | Depths:2 | Identified the amulet "Beosho" {Reflect Dex+4 SH+5}
 71698 | Depths:2 | Identified the ring "Ukaipt" {Int+6 SInv}
 71793 | Depths:2 | HP: 9/112 [living spell/iceblast[a walking frostbound tome]
                  | (34)]
 71800 | Depths:2 | Killed from afar by a living spell

Vanquished Creatures
  Arachne (Spider:4)
  Jorgrun (Orc:1)
  Rupert (D:15)
  A lich (Depths:2)
  A tentacled monstrosity (Depths:2)
  2 deep elf blademasters
  A sphinx (Depths:2)
  Kirke (Swamp:1)
  3 tengu reavers (Depths:2)
  Roxanne (D:14)
  Aizul (Spider:3)
  A frost giant (Depths:2)
  2 deep elf sorcerers
  5 ghost moths
  5 fire giants
  8 emperor scorpions
  Louise (D:15)
  3 imperial myrmidons (Desolation)
  A deep elf elementalist (Elf:3)
  12 vault wardens
  A reaper (IceCv)
  12 ironbound preservers
  7 very ugly things
  3 war gargoyles
  4 stone giants
  9 ironbound thunderhulks
  6 eleionomae
  A vampire knight (Depths:2)
  3 deep elf demonologists
  Nessos (D:14)
  A bunyip (Swamp:4)
  Azrael (D:13)
  A deep elf annihilator (Elf:3)
  A minotaur (Gauntlet)
  6 spark wasps
  10 entropy weavers
  2 halazid warlocks (Desolation)
  Snorg (D:13)
  18 dire elephants
  5 fire dragons
  3 crystal guardians
  2 ettins (Depths:2)
  2 deep elf high priests (Vaults:2)
  Josephine (D:10)
  8 yaktaur captains
  4 deep elf death magi
  6 great orbs of eyes
  3 servants of whispers (Desolation)
  5 ragged hierophants (Desolation)
  The ghost of GigaChad the Severer, a journeyman MiGl of Okawaru (Orc:1)
  19 hydras
  Erolcha (D:11)
  3 ice dragons (Depths:2)
  A ghost crab (Swamp:2)
  7 boulder beetles
  5 jorogumos
  5 peacekeepers
  2 rakshasas
  A hell beast (Depths:1)
  The ghost of 0gre the Frost Mage, a journeyman GnIE of Cheibriados (D:11)
  7 vault guards
  2 ogre magi
  11 centaur warriors
  A merfolk avatar (Lair:5)
  A catoblepas (Lair:5)
  7 ironbound frosthearts
  9 two-headed ogres
  4 radroaches
  28 dancing weapons
  2 deep troll earth magi (Depths:2)
  12 death yaks
  15 alligators
  2 tengu warriors
  A vampire mage (Depths:2)
  2 orc high priests
  Urug (Lair:5)
  A hell hog (Depths:1)
  16 deep elf knights
  6 spriggan berserkers (Depths:2)
  Sonja (D:10)
  8 sun demons (Depths:1)
  7 hell knights (Depths:2)
  4 pharaoh ants
  A salamander mystic (Depths:1)
  9 steelbarb worms
  12 swamp dragons
  6 spriggan druids
  55 deep trolls
  A sea snake (Lair:5)
  15 orb spiders
  A sun moth (Spider:1)
  8 deep elf archers
  11 ironbound convokers
  2 shadow demons (Depths:1)
  3 bog bodies
  25 deep elf pyromancers
  4 glowing orange brains
  7 harpies
  3 necromancers
  8 wizards
  4 orc knights
  8 lindwurms
  26 deep elf zephyrmancers
  26 ugly things
  A cyclops (D:12)
  3 salamanders (Depths:1)
  8 manticores
  5 orc sorcerers
  11 wolf spiders
  5 moths of wrath
  4 oklob plants
  2 shining eyes (Depths:1)
  8 will-o-the-wisps
  3 black mambas
  6 elephants
  3 guardian serpents (Desolation)
  A molten gargoyle (Desolation)
  12 vault sentinels
  A naga mage (D:15)
  4 torpor snails
  A centaur skeleton (D:15)
  A gargoyle (D:10)
  3 eyes of devastation
  8 cane toads
  6 demonic crawlers
  2 kobold demonologists
  A hellion (Depths:1)
  A freezing wraith (IceCv)
  An unseen horror (D:12)
  31 yaktaurs
  A rime drake (Lair:1)
  4 komodo dragons
  6 ice devils (IceCv)
  An anaconda simulacrum (IceCv)
  4 tengu conjurers
  8 trolls
  5 polar bears
  Prince Ribbit (D:9)
  7 tyrant leeches
  27 tarantellas
  26 hornets
  26 blink frogs
  2 wind drakes (Lair:5)
  25 saltlings (Desolation)
  10 dream sheep
  19 slime creatures
  22 jumping spiders
  4 centaur simulacra
  Sigmund (D:6)
  13 culicivoras
  5 wraiths
  2 air elementals (Elf:2)
  18 spriggans
  3 water elementals
  2 vampires (D:12)
  5 hogs (Swamp:1)
  5 wyverns
  37 yaks
  6 basilisks
  7 fire elementals
  57 redbacks
  Grum (D:11)
  3 steam dragons
  17 vampire mosquitoes
  Menkaure (D:4)
  A death yak simulacrum (IceCv)
  3 wargs
  A harpy simulacrum (IceCv)
  19 swamp worms
  4 hell hounds (D:13)
  11 water moccasins
  Duvessa (D:4)
  3 acid dragons
  A floating eye (Gauntlet)
  30 orc warriors
  12 swamp drakes
  3 ice beasts
  10 ogres
  A boggart (Vaults:2)
  6 centaurs
  18 wolves
  4 kobold brigands
  A phantom (D:6)
  16 bullfrogs
  2 earth elementals
  A gnoll sergeant (D:9)
  A necrophage (D:5)
  2 scorpions
  2 two-headed ogre simulacra (IceCv)
  15 wights
  A hornet simulacrum (Gauntlet)
  Dowan (D:4)
  3 elephant simulacra (IceCv)
  10 killer bees
  An electric eel (Spider:3)
  5 howler monkeys
  4 hounds
  2 jellies
  14 orc priests
  A gnoll bouda (D:6)
  A boggart zombie (D:15)
  5 iguanas
  Natasha (twice) (D:4)
  29 orc wizards
  7 hell rats
  3 troll simulacra (IceCv)
  A polar bear simulacrum (IceCv)
  2 spriggan simulacra (IceCv)
  A wolf simulacrum (IceCv)
  21 gnolls
  6 adders
  3 naga simulacra (IceCv)
  A river rat (D:11)
  2 shadow imps
  19 white imps
  2 ufetubi
  6 worms
  2 dart slugs
  63 orcs
  6 ball pythons
  7 endoplasms
  4 giant cockroaches
  20 goblins
  22 hobgoblins
  7 jackals
  7 quokkas
  5 bats
  6 frilled lizards
  21 kobolds
  6 rats
1618 creatures vanquished.

Vanquished Creatures (collateral kills)
  the Lernaean hydra (Swamp:4)
  A rakshasa (Depths:1)
  2 hydras (Swamp:4)
  A wizard (Depths:1)
  A tyrant leech (Swamp:4)
6 creatures vanquished.

Vanquished Creatures (others)
  A swamp dragon (Swamp:1)
  4 bloated husks (Swamp:2)
  A saltling (Desolation)
  2 vampire mosquitoes (Swamp:2)
  An orc wizard (Orc:2)
  A bush (Lair:3)
  58 foxfires
  20 fungi
  35 plants
123 creatures vanquished.

Grand Total: 1747 creatures vanquished

Table legend: (Time is in decaauts)
 A = Elapsed time spent in this place.
 B = Non-inter-level travel time spent in this place.
 C = Inter-level travel time spent in this place.
 D = Time resting spent in this place.
 E = Time spent auto-exploring this place.
 F = Levels seen in this place.
 G = Mean time per level.
                   A        B        C        D        E       F      G
               +--------+--------+--------+--------+--------+-----+--------+
         Total |  51896 |  45251 |   6645 |  10629 |  17775 |  44 | 1179.5 |
       Dungeon |  18394 |  15250 |   3144 |   3190 |   6005 |  15 | 1226.3 |
        Temple |    167 |    155 |     12 |      0 |    133 |   1 |  167.0 |
          Lair |   5144 |   4252 |    892 |    696 |   2172 |   5 | 1028.8 |
         Swamp |   3958 |   3631 |    327 |    584 |   1691 |   4 |  989.5 |
   Spider Nest |   4257 |   3633 |    624 |    631 |   1854 |   4 | 1064.2 |
  Orcish Mines |   2081 |   1711 |    370 |    449 |    645 |   2 | 1040.5 |
   Elven Halls |   5131 |   4531 |    600 |   1319 |   1233 |   3 | 1710.3 |
        Vaults |   6288 |   5712 |    576 |    794 |   3044 |   4 | 1572.0 |
        Depths |   2348 |   2251 |     97 |    622 |    711 |   2 | 1174.0 |
        Bailey |   1039 |   1039 |      0 |    645 |     15 |   1 | 1039.0 |
      Ice Cave |   1694 |   1694 |      0 |   1373 |      0 |   1 | 1694.0 |
    Desolation |   1021 |   1021 |      0 |    232 |    212 |   1 | 1021.0 |
      Gauntlet |    368 |    368 |      0 |     90 |     58 |   1 |  368.0 |
               +--------+--------+--------+--------+--------+-----+--------+

Top non-repeatable levels by time:
   Elf:1: 2640 daAuts
     D:9: 2438 daAuts
   Elf:2: 2185 daAuts
Vaults:2: 2123 daAuts
    D:11: 1942 daAuts
   IceCv: 1694 daAuts
Vaults:4: 1658 daAuts
    D:15: 1433 daAuts
     D:8: 1419 daAuts
     D:5: 1382 daAuts
Spider:1: 1377 daAuts
Depths:1: 1371 daAuts
Spider:4: 1304 daAuts
     D:4: 1281 daAuts
Vaults:3: 1259 daAuts

Table legend:
 A = Non-vault XP
 B = Vault XP
 C = Vault XP percentage of total XP
 D = Non-vault monster count
 E = Vault monster count
 F = Vault count percentage of total count
                 A         B        C        D         E       F
            +---------+---------+-------+---------+---------+-------
      Total |  408553 |  289178 |  41.4 |     978 |     649 |  39.9
            +---------+---------+-------+---------+---------+-------
        D:1 |      55 |       7 |  11.3 |      32 |       5 |  13.5
        D:2 |      47 |       0 |   0.0 |      16 |       0 |   0.0
        D:3 |      50 |       0 |   0.0 |      17 |       0 |   0.0
        D:4 |     235 |     425 |  64.4 |      15 |       4 |  21.1
        D:5 |     588 |     127 |  17.8 |       9 |       6 |  40.0
        D:6 |    1803 |     514 |  22.2 |      21 |       4 |  16.0
        D:7 |    1470 |       0 |   0.0 |      27 |       0 |   0.0
        D:8 |    1747 |       6 |   0.3 |      30 |       4 |  11.8
        D:9 |    3076 |    1565 |  33.7 |      24 |      10 |  29.4
       D:10 |    2120 |    2163 |  50.5 |      10 |       4 |  28.6
       D:11 |    2806 |    5994 |  68.1 |      10 |      34 |  77.3
       D:12 |    4856 |    1208 |  19.9 |      18 |      15 |  45.5
       D:13 |    8741 |    9369 |  51.7 |      18 |      28 |  60.9
       D:14 |    6551 |    2323 |  26.2 |      15 |       2 |  11.8
       D:15 |   11938 |    6652 |  35.8 |      19 |      10 |  34.5
     Temple |      10 |       0 |   0.0 |       1 |       0 |   0.0
     Lair:1 |    7932 |       0 |   0.0 |      23 |       0 |   0.0
     Lair:2 |    7845 |    1074 |  12.0 |      25 |       6 |  19.4
     Lair:3 |    7852 |     926 |  10.5 |      32 |       3 |   8.6
     Lair:4 |    4079 |    2907 |  41.6 |      15 |       6 |  28.6
     Lair:5 |    6014 |    8859 |  59.6 |      24 |      19 |  44.2
    Swamp:1 |   14085 |    2394 |  14.5 |      29 |       6 |  17.1
    Swamp:2 |   15782 |      45 |   0.3 |      32 |       1 |   3.0
    Swamp:3 |   15089 |    8319 |  35.5 |      29 |      12 |  29.3
    Swamp:4 |   12746 |    9331 |  42.3 |      22 |      17 |  43.6
   Spider:1 |   16260 |       0 |   0.0 |      46 |       0 |   0.0
   Spider:2 |    9437 |    8716 |  48.0 |      28 |      10 |  26.3
   Spider:3 |   12493 |    4640 |  27.1 |      30 |      17 |  36.2
   Spider:4 |   18166 |   34413 |  65.5 |      29 |      64 |  68.8
      Orc:1 |    2970 |    3885 |  56.7 |      27 |       7 |  20.6
      Orc:2 |    2093 |    4880 |  70.0 |      24 |      47 |  66.2
      Elf:1 |   24083 |    9870 |  29.1 |      34 |      16 |  32.0
      Elf:2 |   18752 |   21738 |  53.7 |      30 |      28 |  48.3
      Elf:3 |    5624 |    5785 |  50.7 |      10 |       5 |  33.3
   Vaults:1 |   21397 |   13635 |  38.9 |      26 |      18 |  40.9
   Vaults:2 |   36636 |   23444 |  39.0 |      45 |      33 |  42.3
   Vaults:3 |   36788 |    7916 |  17.7 |      49 |      11 |  18.3
   Vaults:4 |   28212 |   17326 |  38.0 |      40 |      25 |  38.5
   Depths:1 |   14612 |   11879 |  44.8 |      17 |      18 |  51.4
   Depths:2 |   23513 |   21312 |  47.5 |      30 |      23 |  43.4
     Bailey |       0 |    1575 | 100.0 |       0 |      42 | 100.0
      IceCv |       0 |    4864 | 100.0 |       0 |      30 | 100.0
 Desolation |       0 |   25463 | 100.0 |       0 |      47 | 100.0
   Gauntlet |       0 |    3629 | 100.0 |       0 |      12 | 100.0
            +---------+---------+-------+---------+---------+-------
